 Dungeon Crawl Stone Soup version 0.31-a0-1002-g8e65716e6e (webtiles) character file.

Game seed: 16914806122256040008

795 BinkBink the Conjurer (level 7, -4/41 HPs)
             Began as an Octopode Conjurer on Nov 9, 2023.
             Killed by an exploding mummy (32 damage)
             ... ignited by their inner flame
             ... in an ossuary.
             The game lasted 00:12:03 (4975 turns).

BinkBink the Conjurer (Octopode Conjurer)           Turns: 4975, Time: 00:12:04

Health: -4/41      AC:  1    Str:  6    XL:     7   Next: 89%
Magic:  1/15       EV: 13    Int: 22    God:
Gold:   252        SH:  0    Dex: 11    Spells: 14/17 levels left

rFire   . . .        (no weapon)
rCold   . . .        (no shield)
rNeg    . . .        (helmet restricted)
rPois   .            g - amulet of regeneration
rElec   .            (no ring)
rCorr   .            (no ring)
SInv    .            (no ring)
Will    .....        (no ring)
Stlth   +++          (no ring)
HPRegen 1.06/turn    (no ring)
MPRegen 0.14/turn    (no ring)
                     (no ring)

%: no passive effects
@: weak-willed
A: almost no armour, amphibious, 8 rings, camouflage 1, gelatinous body 1,
(nimble swimmer 1), tentacles
a: no special abilities


You were in an ossuary.
You visited 2 branches of the dungeon, and saw 7 of its levels.
You also visited: Ossuary.

You collected 252 gold pieces.

Inventory:

Jewellery
 d - an amulet of reflection
 g - an amulet of regeneration (around mantle)
Wands
 f - a wand of mindburst (16)
Scrolls
 a - a scroll of teleportation
 j - a scroll of identify
 l - 2 scrolls of fog
Potions
 b - 5 potions of curing
 c - 2 potions of degeneration {unknown}
 e - a potion of brilliance {unknown}
 h - 2 potions of ambrosia {unknown}
 i - 2 potions of cancellation {unknown}
 k - a potion of might {unknown}
 o - 2 potions of mutation {unknown}


   Skills:
 - Level 2.7 Dodging
 - Level 3.8 Stealth
 + Level 5.5 Spellcasting
 + Level 7.0 Conjurations


You had 14 spell levels left.
You knew the following spells:

 Your Spells              Type           Power      Damage    Failure   Level
a - Magic Dart            Conj           100%       1d8       1%          1
b - Searing Ray           Conj           72%        2d7       1%          2

Your spell library contained the following spells:

 Spells                   Type           Power      Damage    Failure   Level
 Dazzling Flash           Conj/Hex       42%        N/A       7%          3
 Fulminant Prism          Conj/Hex       10%        3d9       22%         4
 Iskenderun's Mystic Bla  Conj/Tloc      21%        2d6       22%         4


Dungeon Overview and Level Annotations

Branches:
Dungeon (6/15)             Temple (1/1) D:4         Ossuary (1/1)

Altars:
Ashenzari
Cheibriados
Gozag
Makhleb
Ru
Sif Muna
Trog
Wu Jian
Zin
The Shining One


Innate Abilities, Weirdness & Mutations

You cannot wear most types of armour.
You are amphibious.
You can wear up to eight rings at the same time.
Your skin changes colour to match your surroundings (Stealth+).
Your rubbery body absorbs attacks. (AC +1, EV +1)
((You are camouflaged when in or above water. (Stealth+)))
You have tentacles for arms and can constrict up to eight enemies at once.


Message History

The searing ray hits the centaur zombie!
The centaur zombie is severely damaged.
The searing ray hits the mummy.
The mummy is moderately damaged.
The centaur zombie barely misses you. The centaur zombie kicks you.
The centaur zombie misses you. The centaur zombie kicks you.
It was a potion of curing.
You feel better. The centaur zombie hits you. The centaur zombie kicks you.
As you read the scroll labelled HUENAN ILIDD, it crumbles to dust.
Magic quickly surges around you.
It was a scroll of vulnerability.
The centaur zombie hits you. The centaur zombie kicks you.
As you read the scroll labelled EMENAY DOWI, it crumbles to dust.
The creatures around you are filled with an inner flame!
It was a scroll of immolation.
The centaur zombie completely misses you.
The centaur zombie misses you.
As you read the scroll labelled YPPICU DONUBB, it crumbles to dust.
It is a scroll of enchant weapon.
You aren't carrying any weapons that can be enchanted.
The centaur zombie closely misses you.
The centaur zombie kicks you but does no damage.
Unknown command.
The mummy hits you!
Unknown command.
You tentacle-slap the mummy but do no damage.
You grab the mummy.
Flame seeps out of the mummy.
You squeeze the mummy!
The mummy is almost destroyed.
You constrict the mummy, but do no damage.
Unknown command.
You constrict the mummy.
Flame seeps out of the mummy.
The mummy is engulfed in blazing flames.
The mummy explodes!
The fiery explosion engulfs the bullfrog zombie!!
The bullfrog zombie is severely damaged.
The fiery explosion engulfs the wyvern zombie!!
The wyvern zombie is heavily damaged.
The fiery explosion engulfs the centaur zombie!!
The fiery explosion engulfs you!!
Ouch! That really hurt!
You die...

≈#≈ ~M#
~P~ #Z###
~~~.#
#####.≈##
#?!?#.~.#
#!??'Z###
#??!#.○@#
#####Z###
.'.' #
#####
###.##
+.#..∩#
#Z+
#.'.Z.#
'.#
.'.#.M.#
#.' ##
##### #.


You could see a bullfrog zombie (weak-willed) and a wyvern zombie (weak-willed).

Vanquished Creatures
  A centaur (D:5)
  An ogre (D:5)
  A phantom (D:4)
  2 scorpions
  A bullfrog zombie (Ossuary)
  A centaur zombie (Ossuary)
  A hound (D:5)
  A jelly (D:4)
  An orc priest (D:4)
  2 sleepcaps (D:5)
  An iguana (D:5)
  2 orc wizards
  2 mummies (Ossuary)
  5 gnolls
  5 adders
  A worm (D:4)
  A dart slug (D:1)
  7 orcs
  7 ball pythons
  6 bats
  12 endoplasms
  3 giant cockroaches
  A goblin (D:2)
  6 hobgoblins
  3 jackals (D:1)
  6 kobolds
  2 quokkas
  2 frilled lizards
  A goblin zombie (D:6)
  5 rats (D:3)
  A rat zombie (D:6)
91 creatures vanquished.

Notes
Turn   | Place    | Note
-------+----------+-------------------------------------------
     0 | D:1      | BinkBink the Octopode Conjurer began the quest for the Orb.
     0 | D:1      | Reached XP level 1. HP: 11/11 MP: 3/3
   195 | D:1      | Reached XP level 2. HP: 17/17 MP: 3/5
   410 | D:1      | Found a faded altar of an unknown god.
   416 | D:1      | Reached XP level 3. HP: 21/21 MP: 0/6
   475 | D:1      | Learned a level 2 spell: Searing Ray
  1107 | D:2      | Found a sacrificial altar of Ru.
  1212 | D:2      | You fall into a shaft and drop 1 floor!
  1570 | D:3      | Reached XP level 4. HP: 27/27 MP: 4/7
  2815 | D:4      | Reached XP level 5. HP: 19/31 MP: 1/9
  2847 | D:4      | Found a staircase to the Ecumenical Temple.
  2853 | Temple   | Entered the Ecumenical Temple
  2932 | D:4      | Reached skill level 5 in Conjurations
  3111 | D:4      | Noticed a phantom
  3120 | D:4      | Killed a phantom
  3121 | D:4      | Reached XP level 6. HP: 34/36 MP: 0/11
  3727 | D:5      | Entered Level 5 of the Dungeon
  3787 | D:5      | Reached skill level 6 in Conjurations
  3865 | D:5      | Reached XP level 7. HP: 41/41 MP: 8/13
  4444 | D:5      | Reached skill level 5 in Spellcasting
  4915 | D:6      | Found a sand-covered staircase.
  4926 | Ossuary  | Entered an ossuary
  4945 | Ossuary  | Reached skill level 7 in Conjurations
  4975 | Ossuary  | Killed by an exploding mummy... ignited by their inner
                  | flame

Illustrated notes

Levels and vault maps discovered:
D:1:      dpeg_arrival_castle, layout_rooms,
          chequers_ecumenical_altar_simple_redux, dreamdust_princess_corridor,
          hex_intersection
D:2:      layout_loops_ring, basic_altar, minmay_pentomino_u4
D:3:      layout_basic, serial_bayou_ford_a
D:4:      layout_cave_pools, minmay_temple_entry_butterflies, minmay_cut_off
D:5:      layout_loops_ring, minivault_1, dreamdust_wishing_well
D:6:      layout_loops_ring, kennysheep_mini_moat, kennysheep_mini,
          enter_ossuary_4
Temple:   eino_temple_lava
Ossuary:  ossuary_zaba_flooded

Skill      XL: |  1  2  3  4  5  6  7 |
---------------+----------------------+-----
Stealth        | 3 |  3.8
Spellcasting   | 3 4 5 |  5.5
Conjurations   | 5 6 7 |  7.0
Dodging        | |  2.7

Action                     |  1- 3 |  4- 6 |  7- 9 || total
---------------------------+-------+-------+-------++-------
  Melee: Unarmed           |       |     5 |     1 ||     6
         Constrict         |       |       |     1 ||     1
         Tentacles         |       |       |     1 ||     1
   Cast: Magic Dart        |    77 |    85 |    23 ||   185
         Searing Ray       |       |    12 |    12 ||    24
    Use: Scroll            |       |     2 |     4 ||     6
         Potion            |       |     1 |     1 ||     2
 Armour: Skin              |     4 |    29 |    23 ||    56
  Dodge: Dodged            |     7 |    18 |    20 ||    45

Table legend: (Time is in decaauts)
 A = Elapsed time spent in this place.
 B = Non-inter-level travel time spent in this place.
 C = Inter-level travel time spent in this place.
 D = Time resting spent in this place.
 E = Time spent auto-exploring this place.
 F = Levels seen in this place.
 G = Mean time per level.
                   A        B        C        D        E       F      G
               +--------+--------+--------+--------+--------+-----+--------+
         Total |   4976 |   4797 |    179 |    207 |   3955 |   8 |  622.0 |
       Dungeon |   4775 |   4596 |    179 |    117 |   3899 |   6 |  795.8 |
        Temple |    151 |    151 |      0 |     75 |     56 |   1 |  151.0 |
       Ossuary |     48 |     48 |      0 |     15 |      0 |   1 |   48.0 |
               +--------+--------+--------+--------+--------+-----+--------+

Top non-repeatable levels by time:
     D:3: 1301 daAuts
     D:5: 1145 daAuts
     D:4: 1064 daAuts
     D:1: 1038 daAuts
     D:2: 173 daAuts
  Temple: 151 daAuts
     D:6: 52 daAuts
 Ossuary: 48 daAuts
